 Dungeon Crawl Stone Soup version 0.30-a0-618-gd6c86c23d0 (webtiles) character file.

Game seed: 7101567404785380497

55 Leeroy the Sneak (level 4, -1/24 HPs)
             Began as a Kobold Enchanter on Jan 9, 2023.
             Slain by a gnoll
             ... wielding a +0 spear
              (4 damage)
             ... on level 2 of the Dungeon.
             The game lasted 00:01:14 (1374 turns).

Leeroy the Sneak (Kobold Enchanter)                 Turns: 1374, Time: 00:01:15

Health: -1/24      AC:  3    Str:  5    XL:     4   Next: 14%
Magic:  7/7        EV: 15    Int: 16    God:
Gold:   84         SH:  0    Dex: 17    Spells: 7/7 levels left

rFire   . . .      SeeInvis .    a - +1 dagger
rCold   . . .      Faith    .    (no shield)
rNeg    . . .      Spirit   .    b - +0 robe
rPois   .          Reflect  .    (no helmet)
rElec   .          Harm     .    (no cloak)
rCorr   .          Rampage  .    j - +0 pair of gloves
Will    +....                    (no boots)
Stlth   ++++                     (no amulet)
HPRegen 0.24/turn                f - ring of willpower
MPRegen 0.10/turn                (no ring)

@: invisible
A: small, no large weapons, nightstalker 3
a: no special abilities


You were on level 2 of the Dungeon.
You visited 1 branch of the dungeon, and saw 2 of its levels.

You collected 84 gold pieces.

Inventory:

Hand Weapons
 a - a +1 dagger (weapon)
Armour
 b - a +0 robe (worn)
 j - a +0 pair of gloves (worn)
Jewellery
 f - a ring of willpower (left hand)
Scrolls
 d - a scroll of poison {unknown}
 e - 2 scrolls of identify {unknown}
 h - a scroll of torment {unknown}
 i - a scroll of enchant armour {unknown}
 l - a scroll of fear {unknown}
Potions
 c - a potion of invisibility
 g - a potion of lignification {unknown}
 k - a potion of mutation {unknown}


   Skills:
 * Level 3.4 Short Blades
 - Level 2.4 Dodging
 + Level 5.5 Stealth
 - Level 2.1 Spellcasting
 - Level 3.0 Hexes


You had 7 spell levels left.
You didn't know any spells.
Your spell library contained the following spells:

 Spells                   Type           Power      Damage    Failure   Level
 Ensorcelled Hibernation  Hex/Ice        12%        N/A       17%         2
 Confusing Touch          Hex            11%        N/A       19%         3
 Tukima's Dance           Hex            11%        N/A       19%         3
 Dazzling Flash           Conj/Hex       12%        N/A       32%         3


Dungeon Overview and Level Annotations

Branches:
Dungeon (2/15)

Altars:


Innate Abilities, Weirdness & Mutations

You are small and have problems with some larger weapons.
You are completely attuned to the shadows.


Message History

You kill the worm!
Found a stone staircase leading up.
l - a scroll labelled VITSOCESOS No target in view!
There is an open door here.
A gnoll comes into view. It is wielding a +0 spear.
A gnoll is nearby! 2 gnolls come into view.
The gnoll shouts!
The gnoll completely misses you.
The gnoll moves out of view.
The gnoll closely misses you. The gnoll hits you with a +0 spear.
There is an open door here.
The gnoll shouts!
You hit the gnoll.
The gnoll is lightly wounded.
The gnoll misses you. The gnoll closely misses you.
A hobgoblin comes into view. It is wielding a +2 dagger of pain.
The gnoll attacks as you move away! The gnoll hits you with a +0 whip.
The gnoll completely misses you. The gnoll attacks as you move away!
The gnoll misses you. The gnoll attacks as you move away!
The gnoll hits you with a +0 whip.
You don't know any spells.
You fade into invisibility!
The gnoll closely misses you.
You hit the gnoll but do no damage. The gnoll misses you.
You hit the gnoll but do no damage. You barely miss the gnoll.
Your punch misses the gnoll. The gnoll hits you but does no damage.
You catch the helpless gnoll completely off-guard!
You puncture the gnoll!
You kill the gnoll!
You have reached level 4!
The hobgoblin hits you with a +2 dagger of pain.
The gnoll misses you. x2
You see here a +0 whip.
You hit the hobgoblin but do no damage.
The gnoll hits you from afar with a +0 halberd!
* * * LOW HITPOINT WARNING * * *
The gnoll hits you with a +0 spear.
You die...

#. ##### #
#.# ##...#
#.#.# #....#
#.#g###....#
#.g.@......#
###g####...#
#.# ##'## #
#'# #.####
#### .......#
#....# #...
.#..g#.#
####.# #...
..#.#..#
#<...#####.._
..#. . .
###.....#....
#.###......


You could see 2 gnolls and a hobgoblin (unable to see you).

Vanquished Creatures
  2 adders (D:2)
  A gnoll (D:2)
  2 dart slugs (D:1)
  A worm (D:2)
  4 bats (D:1)
  3 endoplasms (D:1)
  3 goblins (D:1)
  A hobgoblin (D:1)
  2 kobolds (D:1)
  A quokka (D:1)
  A ball python (D:2)
  A frilled lizard (D:1)
22 creatures vanquished.

Notes
Turn   | Place    | Note
-------+----------+-------------------------------------------
     0 | D:1      | Leeroy the Kobold Enchanter began the quest for the Orb.
     0 | D:1      | Reached XP level 1. HP: 10/10 MP: 3/3
   298 | D:1      | Reached XP level 2. HP: 13/15 MP: 5/5
   660 | D:1      | Reached skill level 5 in Stealth
   674 | D:1      | Reached XP level 3. HP: 18/19 MP: 6/6
  1134 | D:2      | Found a faded altar of an unknown god.
  1373 | D:2      | Reached XP level 4. HP: 14/24 MP: 7/7
  1374 | D:2      | Slain by a gnoll

Illustrated notes

Levels and vault maps discovered:
D:1:      minmay_arrival_plants_in_alcoves, layout_loops_corners
D:2:      layout_basic, ebering_ecumenical_altar_sacrificial, nicolae_titane

Skill      XL: |  1  2  3 |
---------------+----------+-----
Short Blades   | 2 3 |  3.4
Stealth        | 5 |  5.5
Dodging        | |  2.4
Spellcasting   | |  2.1
Hexes          | |  3.0

Action                   |  1- 3 |  4- 6 || total
-------------------------+-------+-------++-------
Melee: Dagger            |    71 |     1 ||    72
  Use: Potion            |     1 |       ||     1
 Stab: Sleeping          |     7 |       ||     7
       Distracted        |     1 |       ||     1
       Invisible         |     1 |       ||     1
Armor: Robe              |     6 |       ||     6
Dodge: Dodged            |    44 |     2 ||    46

Table legend: (Time is in decaauts)
 A = Elapsed time spent in this place.
 B = Non-inter-level travel time spent in this place.
 C = Inter-level travel time spent in this place.
 D = Time resting spent in this place.
 E = Time spent auto-exploring this place.
 F = Levels seen in this place.
 G = Mean time per level.
                   A        B        C        D        E       F      G
               +--------+--------+--------+--------+--------+-----+--------+
         Total |   1365 |   1327 |     38 |    159 |    991 |   2 |  682.5 |
       Dungeon |   1365 |   1327 |     38 |    159 |    991 |   2 |  682.5 |
               +--------+--------+--------+--------+--------+-----+--------+

Top non-repeatable levels by time:
     D:1: 1023 daAuts
     D:2: 341 daAuts
